Map: Neon Violet Square LE

Players

Optimus

  • Race: Terran Terran
  • Spawn Location: 5:00

Bistork - Winner!

  • Race: Protoss Protoss
  • Spawn Location: 11:00

Event: IEM Season 12 - Katowice

VOD

Have the link to the VOD?

Description

Time

  • Played on: Feb. 26, 2018, 10:10 a.m.
  • Length: 6:36

All games in this series

Show
View Real Time Build Order
Export as new Build Order

Optimus Terran 

Build Orders: Gas First Reaper Expand, Reaper Expand 

Get SALT Encoding   

  12  0:00  SCV  
  13  0:12  SCV  
  14  0:17  Supply Depot  
  14  0:24  SCV  
  15  0:29  Refinery  
  15  0:39  SCV  
  16  0:45  Barracks  
  16  0:51  SCV  
  17  1:03  SCV  
  18  1:15  SCV  
  19  1:32  Reaper, Orbital Command  
  20  1:51  Command Center  
  20  1:59  Factory  
  20  2:03  SCV  
  20  2:07  Barracks Reactor  
  21  2:14  Supply Depot  
  21  2:17  SCV  
  22  2:22  Refinery  
  22  2:28  Engineering Bay  
  22  2:38  SCV  
  23  2:45  Marine x2  
  23  2:47  Widow Mine  
  27  2:54  Armory  
  27  2:57  SCV  
  28  3:08  Missile Turret  
  28  3:09  Factory Tech Lab  
  28  3:13  Marine  
  28  3:15  Marine  
  28  3:18  SCV  
  31  3:26  Starport  
  31  3:32  Marine  
  31  3:33  Marine  
  33  3:36  SCV  
  34  3:43  Drilling Claws  
  34  3:47  Orbital Command  
  34  3:51  Widow Mine  
  34  3:55  SCV  
  37  3:59  Marine x2  
  39  4:06  Medivac  
  41  4:12  Supply Depot  
  41  4:13  SCV  
  41  4:14  SCV  
  43  4:19  Widow Mine  
  45  4:27  Bunker  
  45  4:29  Liberator  
  45  4:32  Marine  
  45  4:34  Marine  
  47  4:41  Siege Tank  
  47  4:44  SCV  
  52  4:48  Supply Depot  
  52  4:52  Supply Depot  
  54  4:58  Supply Depot  
  54  5:02  SCV  
  54  5:09  Marine x2  
  54  5:10  SCV  
  54  5:11  Supply Depot  
  57  5:14  SCV  
  57  5:16  Siege Tank  
  57  5:19  Liberator  
  61  5:22  SCV  
  61  5:26  SCV  
  63  5:28  Marine x2  
  63  5:29  Supply Depot  
  63  5:34  SCV  
  66  5:38  SCV  
  70  5:47  Marine x2  
  71  5:55  SCV x2  
  64  6:05  Marine x2  
  64  6:07  SCV x2  
  60  6:19  SCV  
Show
View Real Time Build Order
Export as new Build Order

Bistork Protoss - Winner!

Build Orders: 1 Gate Expand 

Get SALT Encoding   

  12  0:00  Probe  
  13  0:12  Probe  
  14  0:19  Pylon  
  14  0:25  Probe (Chrono Boost)  
  15  0:37  Probe (Chrono Boost)  
  15  0:39  Gateway  
  16  0:46  Probe (Chrono Boost)  
  16  0:48  Assimilator  
  17  0:51  Probe  
  18  1:03  Probe  
  19  1:24  Nexus  
  19  1:26  Probe  
  20  1:38  Cybernetics Core  
  20  1:40  Probe  
  20  1:47  Assimilator  
  21  1:52  Probe  
  22  1:58  Pylon  
  22  2:05  Probe  
  23  2:13  Stalker (Chrono Boost)  
  23  2:17  Warp Gate, Probe  
  26  2:29  Probe  
  27  2:33  Stalker (Chrono Boost)  
  27  2:36  Probe  
  30  2:48  Probe  
  30  2:50  Probe  
  32  2:52  Robotics Facility  
  32  3:00  Probe  
  32  3:02  Probe  
  33  3:13  Probe  
  33  3:15  Probe  
  35  3:23  Stalker  
  35  3:24  Twilight Council  
  35  3:25  Probe  
  38  3:31  Gateway  
  38  3:32  Gateway  
  37  3:45  Probe  
  37  3:46  Immortal (Chrono Boost)  
  37  3:51  Probe  
  37  3:53  Pylon  
  42  4:00  Charge (Chrono Boost)  
  41  4:07  Shield Battery  
  41  4:10  Probe  
  41  4:11  Probe  
  41  4:16  Immortal (Chrono Boost)  
  47  4:36  Gateway x2  
  47  4:37  Gateway  
  47  4:38  Probe  
  48  4:47  Gateway, Warp Prism (Chrono Boost)  
  50  4:57  Stalker  
  52  5:06  Pylon  
  52  5:07  Pylon  
  52  5:17  Pylon  
  52  5:22  Observer (Chrono Boost)  
  52  5:28  Probe  
  54  5:29  Probe  
  55  5:39  Zealot x6  
  52  6:07  Zealot x7  
  43  6:33  Stalker x7  

Tags
 
Add a new tag
Caveats
  • Supply blocks, unpowered buildings, or Contaminate may cause inaccurate times.
  • Supply counts are checked every 10 seconds.